 Dungeon Crawl Stone Soup version 0.27.1-34-g3ba077fa99 (webtiles) character file.

Game seed: 12401769859699703457

12 Arum the Stinger (level 2, 0/19 HPs)
             Began as a Formicid Venom Mage on Jan 7, 2022.
             Succumbed to an adder's poison
             ... on level 2 of the Dungeon.
             The game lasted 00:01:59 (914 turns).

Arum the Stinger (Formicid Venom Mage)               Turns: 914, Time: 00:02:00

Health: 0/19       AC:  2    Str: 10 (12) XL:     2   Next: 45%
Magic:  0/5        EV: 16    Int: 13 (14) God:
Gold:   25         SH:  0    Dex:  9 (11) Spells: 5/6 levels left

rFire    . . .     SeeInvis +   d - +0 club
rCold    . . .     Faith    .   (no shield)
rNeg     . . .     Spirit   .   a - +0 robe
rPois    .         Reflect  .   (helmet unavailable)
rElec    .         Harm     .   (no cloak)
rCorr    .         Rampage  .   (no gloves)
Will     .....                  (no boots)
Stlth    ++........             (no amulet)
HPRegen  0.06/turn              e - +4 ring of evasion
MPRegen  0.09/turn              (no ring)

@: lethally poisoned (0 -> -4), very slightly contaminated, invisible
A: permanent stasis, dig shafts and tunnels, antennae 3, four strong arms
a: Dig, Shaft Self


You were on level 2 of the Dungeon.
You visited 1 branch of the dungeon, and saw 2 of its levels.

You collected 25 gold pieces.

Inventory:

Hand Weapons
 d - a +0 club (weapon)
Armour
 a - a +0 robe (worn)
Jewellery
 e - a +4 ring of evasion (left hand)
Scrolls
 b - a scroll of magic mapping {unknown}
Potions
 g - a potion of mutation {unknown}


   Skills:
 + Level 2.0 Dodging
 - Level 2.4 Stealth
 * Level 2.5 Spellcasting
 - Level 1.1 Transmutations
 * Level 4.4 Poison Magic


You had 5 spell levels left.
You knew the following spells:

 Your Spells              Type           Power      Damage    Failure   Level
a - Sting                 Tmut/Pois      32%        1d4       8%          1

Your spell library contained the following spells:

 Spells                   Type           Power      Damage    Failure   Level
 Poisonous Vapours        Pois/Air       14%        N/A       14%         2
 Mephitic Cloud           Conj/Pois/Air  5%         N/A       36%         3
 Olgreb's Toxic Radiance  Pois           13%        N/A       36%         4


Dungeon Overview and Level Annotations

Branches:
Dungeon (2/15)

Altars:


Innate Abilities, Weirdness & Mutations

You cannot be hasted, slowed, berserked, paralysed or teleported.
You can dig through walls and to a lower floor.
You have a pair of large antennae on your head. (SInv)
Your four strong arms can wield two-handed weapons with a shield.


Message History

The adder is lightly wounded.
The adder misses you. The adder bites you.
You are poisoned.
The adder poisons you!
You closely miss the adder.
The adder is lightly wounded.
You feel sick. The adder closely misses you.
You hit the adder.
The adder is moderately wounded.
You feel sick. The adder barely misses you. The adder bites you.
You feel sick.
The adder looks more healthy.
The adder closely misses you.
You feel sick.
You feel sick.
You are no longer poisoned.
Found 24 arrows.
The adder barely misses you.
You are too injured to fight recklessly!
Found a stone staircase leading down.
You are too injured to fight recklessly!
Casting: Sting (safe; 8% risk of failure)
Confirm with . or Enter, or press ? or * to list all spells.
Aiming: Sting (safe; 8% risk of failure)
Press: ? - help, Shift-Dir - straight line, f/p - adder
Aim: an adder (heavily wounded, 48% to hit)
The sting hits the adder.
The adder is poisoned.
The adder is severely wounded.
The adder misses you. The adder bites you.
* * * LOW HITPOINT WARNING * * *
You are lethally poisoned!
The adder poisons you!
It was a potion of invisibility.
You fade into invisibility!
* * * LOW HITPOINT WARNING * * *
You feel sick. The adder closely misses you.
You are very lightly contaminated with residual magic.
It was a potion of degeneration.
There was something very wrong with that liquid.
You feel weakened.
You feel dopey.
You feel clumsy.
You die...

...# #..# #..# ####..#
......## ####$..###
####.###........#
.......<......#.#
......##.#.#@##.######
..... #.#.#.S........(
.##( ..#.#.##.#######
# ####.#.##.# #.......
...)##### #...# ...>#
.....


You could see an adder (poisoned).

Vanquished Creatures
  4 bats (D:1)
  2 endoplasms
  A hobgoblin (D:1)
  A kobold (D:1)
  2 frilled lizards (D:1)
10 creatures vanquished.

Notes
Turn   | Place    | Note
-------+----------+-------------------------------------------
     0 | D:1      | Arum the Formicid Venom Mage began the quest for the Orb.
     0 | D:1      | Reached XP level 1. HP: 13/13 MP: 3/3
   448 | D:1      | Reached XP level 2. HP: 19/19 MP: 3/5
   914 | D:2      | Succumbed to an adder's poison

Illustrated notes

Levels and vault maps discovered:
D:1:      saegor_arrival_simple_c, layout_loops_ring
D:2:      layout_loops_ring, uniq_jessica, uniq_sigmund, uniq_natasha

Skill      XL: |  1  2 |
---------------+-------+-----
Dodging        | 2 |  2.0
Stealth        | |  2.4
Spellcasting   | |  2.5
Transmutations | |  1.1
Poison Magic   | |  4.4

Action                   || total
-------------------------++-------
Melee: Club              ||     5
 Cast: Sting             ||    20
  Use: Potion            ||     2
Dodge: Dodged            ||    16
